 Dungeon Crawl Stone Soup version 0.24.0-13-gcf9b3192b9 (webtiles) character file.

Game seed: 749686773114173811, levelgen mode: deterministic

1446 Iamsoldier the Charmwright (level 8, 0/64 HPs)
             Began as a Gnoll Skald on Nov 5, 2019.
             Slain by a gnoll
             ... wielding a +0 spear
              (8 damage)
             ... on level 5 of the Dungeon.
             The game lasted 00:17:59 (6258 turns).

Iamsoldier the Charmwright (Gnoll Skald)            Turns: 6258, Time: 00:17:59

Health: 0/64       AC:  5    Str: 19    XL:     8   Next: 75%
Magic:  10/17      EV: 15    Int: 15    God:
Gold:   305        SH:  7    Dex: 15    Spells: 11/19 levels left

rFire    x . .     SeeInvis .   y - +3 flail "Kecvel" {flame, rPois rC+ Str+3}
rCold    + + .     Gourm    .   i - +2 buckler
rNeg     . . .     Faith    .   b - +0 leather armour
rPois    +         Spirit   .   s - +1 helmet
rElec    .         Reflect  .   (no cloak)
rCorr    .         Harm     .   (no gloves)
MR       .....                  (no boots)
Stlth    ++........             (no amulet)
HPRegen  0.20/turn              t - ring of ice
MPRegen  0.15/turn              (no ring)

@: singing
A: distributed training, fangs 1, strong nose
a: no special abilities


You were on level 5 of the Dungeon.
You were not hungry.

You visited 1 branch of the dungeon, and saw 5 of its levels.

You collected 305 gold pieces.

Inventory:

Hand Weapons
 a - a +0 mace
 h - a +0 whip of electrocution
 y - the +3 flail "Kecvel" (weapon) {flame, rPois rC+ Str+3}
   (You found it on level 4 of the Dungeon)

   It has been specially enchanted to burn those struck by it, causing extra
   injury to most foes and up to half again as much damage against particularly
   susceptible opponents.
   It affects your strength (+3).
   It protects you from cold.
   It protects you from poison.
Armour
 b - a +0 leather armour (worn)
 i - a +2 buckler (worn)
 s - a +1 helmet (worn)
 x - a +0 chain mail of poison resistance
Jewellery
 t - a ring of ice (left hand)
Wands
 m - a wand of paralysis (6)
 p - a wand of random effects (9)
Scrolls
 e - 5 scrolls of identify
 f - 2 scrolls of enchant weapon {unknown}
 j - a scroll of blinking {unknown}
 k - 2 scrolls of teleportation {unknown}
 l - 2 scrolls of remove curse {unknown}
 o - 2 scrolls of amnesia {unknown}
 v - 4 scrolls of magic mapping {unknown}
Potions
 g - a potion of brilliance
Comestibles
 n - 6 rations


   Skills:
 + Level 5.8 Fighting
 + Level 3.4 Short Blades
 + Level 3.4 Long Blades
 + Level 3.4 Axes
 + Level 5.8 Maces & Flails
 + Level 3.4 Polearms
 + Level 3.4 Staves
 + Level 3.4 Slings
 + Level 3.4 Bows
 + Level 3.4 Crossbows
 + Level 3.4 Throwing
 + Level 4.4 Armour
 + Level 5.8 Dodging
 + Level 3.4 Stealth
 + Level 3.4 Shields
 + Level 3.4 Unarmed Combat
 + Level 6.1 Spellcasting
 + Level 2.8 Conjurations
 + Level 2.8 Hexes
 + Level 6.2 Charms
 + Level 2.8 Summonings
 + Level 2.8 Necromancy
 + Level 2.8 Translocations
 + Level 2.8 Transmutations
 + Level 2.8 Fire Magic
 + Level 2.8 Ice Magic
 + Level 2.8 Air Magic
 + Level 2.8 Earth Magic
 + Level 2.8 Poison Magic
 + Level 3.8 Invocations
 + Level 3.4 Evocations


You had 11 spell levels left.
You knew the following spells:

 Your Spells              Type           Power        Failure   Level  Hunger
a - Infusion              Chrm           ###.         1%          1    None
b - Song of Slaying       Chrm           ###.....     2%          2    #......
c - Shroud of Golubria    Chrm/Tloc      ###...       4%          2    #......
d - Regeneration          Chrm/Necr      ###.......   9%          3    ##.....

Your spell library contained the following spells:

 Spells                   Type           Power        Failure   Level  Hunger
 Spectral Weapon          Hex/Chrm       ###.....     9%          3    ##.....


Dungeon Overview and Level Annotations

Branches:
Dungeon (5/15)
 Temple: D:4-7

Altars:


Innate Abilities, Weirdness & Mutations

Your experience applies equally to all skills.
You have very sharp teeth.
Your uncanny sense of smell can sniff out nearby items.


Message History

You kill the gnoll!
You are no longer magically infusing your attacks.
The gnoll closely misses you. The gnoll hits you but does no damage.
You barely miss the gnoll. The gnoll hits you with a +0 flail!
* * * LOW HITPOINT WARNING * * *
The gnoll barely misses you.
You feel better. The gnoll barely misses you.
The gnoll hits you with a +0 flail.
* * * LOW HITPOINT WARNING * * *
You barely miss the gnoll. Your bite misses the gnoll.
The gnoll hits you from afar with a +0 spear.
* * * LOW HITPOINT WARNING * * *
The gnoll misses you.
You completely miss the gnoll. The gnoll barely misses you.
The gnoll misses you. The gnoll hits you but does no damage.
You hit the gnoll. You burn the gnoll.
The gnoll is heavily wounded.
The gnoll barely misses you.
The gnoll hits you from afar with a +0 spear!
You die...

####### #.....# ###'###.#
#.....#.#
#####.....#.##########
...#.....#.##........
######.#g>......'........
......g'@......##..(.....
.#####.#)....).##........
#.##......##........ #.
#..###.#########.
#.##................
#.###.###.########## #.#
#.# #.# # #.# #.# #.# #
#.#


You could see 2 gnolls.

Vanquished Creatures
  Pikel (D:4)
  Menkaure (D:4)
  A phantom (D:4)
  An ice beast (D:3)
  A slave (D:4)
  A sky beast (D:4)
  An ogre (D:5)
  A centaur (D:5)
  A gnoll sergeant (D:5)
  A bullfrog zombie (D:4)
  2 jellies
  An iguana (D:3)
  An orc wizard (D:3)
  2 worker ants (D:4)
  7 gnolls
  5 adders
  An ooze (D:2)
  4 worms
  A dart slug (D:1)
  2 leopard geckos
  8 orcs
  5 giant cockroaches
  10 goblins
  7 hobgoblins
  7 jackals
  A quokka (D:3)
  9 bats
  7 frilled lizards
  15 kobolds
  8 rats
113 creatures vanquished.

Notes
Turn   | Place    | Note
-------+----------+-------------------------------------------
     0 | D:1      | Iamsoldier the Gnoll Skald began the quest for the Orb.
     0 | D:1      | Reached XP level 1. HP: 20/20 MP: 6/6
    59 | D:1      | Reached XP level 2. HP: 25/26 MP: 4/7
   632 | D:1      | Reached XP level 3. HP: 31/31 MP: 9/9
   685 | D:1      | Reached skill level 5 in Spellcasting
  1073 | D:2      | Reached skill level 1 in Invocations
  1264 | D:2      | Reached skill level 1 in Short Blades
  1264 | D:2      | Reached skill level 1 in Long Blades
  1264 | D:2      | Reached skill level 1 in Axes
  1264 | D:2      | Reached skill level 1 in Polearms
  1264 | D:2      | Reached skill level 1 in Staves
  1264 | D:2      | Reached skill level 1 in Slings
  1264 | D:2      | Reached skill level 1 in Bows
  1264 | D:2      | Reached skill level 1 in Crossbows
  1264 | D:2      | Reached skill level 1 in Throwing
  1264 | D:2      | Reached skill level 1 in Stealth
  1264 | D:2      | Reached skill level 1 in Shields
  1264 | D:2      | Reached skill level 1 in Unarmed Combat
  1264 | D:2      | Reached skill level 1 in Evocations
  1351 | D:2      | Reached XP level 4. HP: 15/38 MP: 8/11
  2154 | D:2      | Learned a level 2 spell: Song of Slaying
  2157 | D:2      | Learned a level 2 spell: Shroud of Golubria
  2161 | D:2      | Learned a level 3 spell: Regeneration
  2478 | D:3      | Reached skill level 1 in Conjurations
  2478 | D:3      | Reached skill level 1 in Hexes
  2478 | D:3      | Reached skill level 1 in Summonings
  2478 | D:3      | Reached skill level 1 in Necromancy
  2478 | D:3      | Reached skill level 1 in Translocations
  2478 | D:3      | Reached skill level 1 in Transmutations
  2478 | D:3      | Reached skill level 1 in Fire Magic
  2478 | D:3      | Reached skill level 1 in Ice Magic
  2478 | D:3      | Reached skill level 1 in Air Magic
  2478 | D:3      | Reached skill level 1 in Earth Magic
  2478 | D:3      | Reached skill level 1 in Poison Magic
  2646 | D:3      | Reached XP level 5. HP: 34/43 MP: 6/12
  2892 | D:3      | Found a faded altar of an unknown god.
  3158 | D:3      | Noticed an ice beast
  3168 | D:3      | Killed an ice beast
  3168 | D:3      | Reached XP level 6. HP: 40/50 MP: 7/13
  3755 | D:4      | Noticed a sky beast
  3774 | D:4      | Killed a sky beast
  3774 | D:4      | Reached skill level 5 in Fighting
  3774 | D:4      | Reached skill level 5 in Maces & Flails
  3774 | D:4      | Reached skill level 5 in Dodging
  4029 | D:4      | Noticed a phantom
  4048 | D:4      | Killed a phantom
  4048 | D:4      | Reached XP level 7. HP: 30/56 MP: 7/15
  4725 | D:4      | Got an ebony flail
  4726 | D:4      | Identified the +3 flail "Kecvel" {flame, rPois rC+ Str+3}
                  | (You found it on level 4 of the Dungeon)
  4747 | D:4      | Noticed Menkaure
  4767 | D:4      | Killed Menkaure
  4925 | D:4      | Noticed Pikel
  4951 | D:4      | Killed Pikel
  4951 | D:4      | Reached XP level 8. HP: 26/63 MP: 6/16
  5792 | D:5      | Entered Level 5 of the Dungeon
  6258 | D:5      | Slain by a gnoll

Levels and vault maps discovered:
D:1:      dpeg_arrival_subterranean_lakeside_camping, layout_loops_ring
D:2:      layout_rooms
D:3:      layout_loops_corners, first_ration, chequers_ecumenical_altar_grove
D:4:      layout_loops_cross, uniq_menkaure, uniq_pikel
D:5:      layout_basic

Skill      XL: |  1  2  3  4  5  6  7  8 |
---------------+-------------------------+-----
Spellcasting   | 5 6 |  6.1
Invocations    | 1 2 3 |  3.8
Short Blades   | 1 2 3 |  3.4
Long Blades    | 1 2 3 |  3.4
Axes           | 1 2 3 |  3.4
Polearms       | 1 2 3 |  3.4
Staves         | 1 2 3 |  3.4
Slings         | 1 2 3 |  3.4
Bows           | 1 2 3 |  3.4
Crossbows      | 1 2 3 |  3.4
Throwing       | 1 2 3 |  3.4
Stealth        | 1 2 3 |  3.4
Shields        | 1 2 3 |  3.4
Unarmed Combat | 1 2 3 |  3.4
Evocations     | 1 2 3 |  3.4
Conjurations   | 1 2 |  2.8
Hexes          | 1 2 |  2.8
Summonings     | 1 2 |  2.8
Necromancy     | 1 2 |  2.8
Translocations | 1 2 |  2.8
Transmutations | 1 2 |  2.8
Fire Magic     | 1 2 |  2.8
Ice Magic      | 1 2 |  2.8
Air Magic      | 1 2 |  2.8
Earth Magic    | 1 2 |  2.8
Poison Magic   | 1 2 |  2.8
Armour         | 3 4 |  4.4
Fighting       | 5 |  5.8
Maces & Flails | 5 |  5.8
Dodging        | 5 |  5.8
Charms         | 6 |  6.2

Action                   |  1- 3 |  4- 6 |  7- 9 || total
-------------------------+-------+-------+-------++-------
Melee: Mace              |    81 |       |       ||    81
       Bite              |    11 |    15 |    10 ||    36
       Whip              |    25 |   181 |    20 ||   226
       Flail             |       |       |    67 ||    67
 Cast: Infusion          |     4 |     8 |     4 ||    16
       Song of Slaying   |       |     4 |     3 ||     7
  Use: Potion            |       |       |    12 ||    12
       Scroll            |       |       |     1 ||     1
 Stab: Sleeping          |     2 |     1 |     2 ||     5
  Eat: Chunk             |     1 |     4 |     5 ||    10
       Ration            |       |     2 |       ||     2
Armor: Leather armour    |    20 |    38 |    11 ||    69
Dodge: Dodged            |    89 |   101 |    77 ||   267
Block: Buckler           |    11 |    44 |    28 ||    83
